 Dungeon Crawl Stone Soup version 0.23.1 (webtiles) character file.

Game seed: 16177869727895476650

9 redwoodhats the Digger (level 2, 0/20 HPs)
             Began as a Ghoul Earth Elementalist on Mar 4, 2019.
             Slain by a giant cockroach (1 damage)
             ... on level 1 of the Dungeon.
             The game lasted 00:02:13 (154 turns).

redwoodhats the Digger (Ghoul Earth Elementalist)    Turns: 154, Time: 00:02:13

Health: 0/20       AC:  2    Str: 11    XL:     2   Next: 12%
Magic:  0/3        EV: 12    Int: 10    God:
Gold:   0          SH:  0    Dex:  9    Spells: 3/4 levels left

rFire    . . .     SeeInvis .   (no weapon)
rCold    + . .     Gourm    .   (no shield)
rNeg     + + +     Faith    .   c - +0 robe
rPois    ∞         Spirit   .   (no helmet)
rElec    .         Reflect  .   (no cloak)
rCorr    .         Harm     .   (no gloves)
MR       .....                  (no boots)
Stlth    ++........             (no amulet)
HPRegen  0.00/turn              (no ring)
MPRegen  0.08/turn              (no ring)

@: rotting
A: rotting body, claws 1, carnivore, cold resistance 1, negative energy
resistance 3, inhibited regeneration, torment resistance, unbreathing
a: no special abilities


You were on level 1 of the Dungeon.
You were not hungry.

You visited 1 branch of the dungeon, and saw 1 of its levels.

Inventory:

Hand Weapons
 f - a +0 club
Missiles
 b - 25 stones (quivered)
Armour
 c - a +0 robe (worn)
 e - a +0 leather armour
Potions
 a - a potion of heal wounds {unknown}
Comestibles
 d - a ration


   Skills:
 + Level 1.8 Dodging
 + Level 2.2 Stealth
 + Level 1.8 Spellcasting
   Level 0.8 Transmutations
 + Level 3.8 Earth Magic


You had 3 spell levels left.
You knew the following spells:

 Your Spells              Type           Power        Failure   Level  Hunger
a - Sandblast             Erth           #.....       7%          1    ##.....

Your spell library contained the following spells:

 Spells                   Type           Power        Failure   Level  Hunger
 Passwall                 Tmut/Erth      #.......     19%         2    ###....
 Stone Arrow              Conj/Erth      #.....       41%         3    ####...
 Petrify                  Tmut/Erth      #.......     77%         4    #####..
 Lee's Rapid Deconstruct  Erth           #.........   88%         5    ######.


Dungeon Overview and Level Annotations

Branches:
Dungeon (1/15)

Altars:


Innate Abilities, Weirdness & Mutations

Your body is rotting away.
You thrive on raw meat.
You are immune to poison.
You have sharp fingernails.
You are carnivorous and can eat meat at any time.
Your flesh is cold resistant. (rC+)
You are immune to negative energy. (rN+++)
You do not regenerate when monsters are visible.
You are immune to unholy pain and torment.
You can survive without breathing.


Message History

Confirm with . or Enter, or press ? or * to list all spells.
Aiming: Sandblast (safe; 7% risk of failure)
Press: ? - help, Shift-Dir - straight line, f - giant cockroach
Aim: a giant cockroach (clinging)
The blast of sand hits the giant cockroach.
The giant cockroach is heavily wounded.
b - 25 stones The bat barely misses you.
The giant cockroach bites you.
* * * LOW HITPOINT WARNING * * *
The bat closely misses you.
Casting: Sandblast (safe; 7% risk of failure)
Confirm with . or Enter, or press ? or * to list all spells.
Okay, then.
Really attack barehanded? [Y]es or [N]o only, please.
Really attack barehanded?
You barely miss the giant cockroach.
The giant cockroach is heavily wounded.
The bat hits you but does no damage. The giant cockroach bites you.
You die...

..########..#...#..# #.......
........####.....#######.......
......#.'.....<.....'..........
..... ######.....####.........#
.... #..#...#..###..(.....# ...
## #.#.#.#.#.# #........# ..
...##..#.#..#####.......# .
...#####s#####...........
...... #@#...............
......##.#.......#.......
.........b.......#.......
...............###......#
.^.............# #......#
.#####.#....#### #.....##
...#....# ....## #?.(#....#
#...#....#


You could see a giant cockroach and a bat.

Vanquished Creatures
  A leopard gecko (D:1)
  A hobgoblin (D:1)
  5 bats (D:1)
  2 rats (D:1)
9 creatures vanquished.

Notes
Turn   | Place    | Note
-------+----------+-------------------------------------------
     0 | D:1      | redwoodhats the Ghoul Earth Elementalist began the quest
                  | for the Orb.
     0 | D:1      | Reached XP level 1. HP: 14/14 MP: 2/2
   140 | D:1      | Reached XP level 2. HP: 2/20 MP: 0/3
   153 | D:1      | HP: 1/20 [giant cockroach (1)]
   154 | D:1      | Slain by a giant cockroach

Action                   || total
-------------------------++-------
Melee: Unarmed           ||    41
 Cast: Sandblast         ||     5
Armor: Robe              ||    21
Dodge: Dodged            ||    44
